 Dungeon Crawl Stone Soup version 0.30.1-11-g7821555f0a (webtiles) character file.

Game seed: 6095172824499797777

9246 safid the Frost Mage (level 11, 0/92 HPs)
             Began as a Merfolk Ice Elementalist on Nov 9, 2023.
             Was a Priest of Vehumet.
             Slain by an unseen horror (2 damage)
             ... on level 11 of the Dungeon.
             The game lasted 00:22:15 (10857 turns).

safid the Frost Mage (Merfolk Ice Elementalist)    Turns: 10857, Time: 00:22:15

Health: 0/92       AC:  6    Str: 15    XL:     11   Next: 43%
Magic:  24/24      EV: 17    Int: 24    God:    Vehumet [***...]
Gold:   614        SH:  0    Dex: 18    Spells: 5/28 levels left

rFire   . . .        t - +5 mace "Sed Kieq" {holy, Will- Int+3 Dex+4}
rCold   + . .        (no shield)
rNeg    + . .        u - +0 robe {Will+}
rPois   .            C - +2 helmet
rElec   .            (no cloak)
rCorr   .            (no gloves)
SInv    +            D - +0 pair of boots
Will    .....        m - amulet of magic regeneration
Stlth   ++           c - ring "Gorphyof" {rC+ rN+ Str+6 Int+2}
HPRegen 0.35/turn    A - ring of see invisible
MPRegen 0.59/turn

%: no passive effects
@: no status effects
A: (nimble swimmer 2), mertail
a: Renounce Religion


You were on level 11 of the Dungeon.
You worshipped Vehumet.
Vehumet was most pleased with you.
You visited 2 branches of the dungeon, and saw 14 of its levels.

You collected 614 gold pieces.

Inventory:

Hand Weapons
 t - the +5 mace "Sed Kieq" (weapon) {holy, Will- Int+3 Dex+4}
   (You found it on level 3 of the Dungeon)

   Int:       It affects your intelligence (+3).
   Dex:       It affects your dexterity (+4).
   Will:      It decreases your willpower.
Missiles
 s - 5 throwing nets
 E - a curare-tipped dart
Armour
 u - a +0 robe of willpower (worn)
 C - a +2 helmet (worn)
 D - a +0 pair of boots (worn)
Jewellery
 c - the ring "Gorphyof" (left hand) {rC+ rN+ Str+6 Int+2}
   (You acquired it on level 6 of the Dungeon)

   [ring of strength]

   Str:       It affects your strength (+6).
   Int:       It affects your intelligence (+2).
   rC:        It protects you from cold.
   rN:        It protects you from negative energy.
 j - a ring of resist corrosion
 m - an amulet of magic regeneration (around neck)
 A - a ring of see invisible (right hand)
Wands
 h - a wand of mindburst (8)
 n - a wand of light (12)
 y - a wand of charming (10)
 B - a wand of roots (8)
Scrolls
 a - 2 scrolls of fog
 d - a scroll of identify
 f - 2 scrolls of amnesia
 o - a scroll of enchant armour
 p - 2 scrolls of teleportation
 r - 4 scrolls of enchant weapon
 w - a scroll of immolation {unknown}
 x - a scroll of magic mapping {unknown}
 F - a scroll of torment {unknown}
 H - 2 scrolls of blinking
 I - a scroll of fear {unknown}
Potions
 b - a potion of magic
 g - 2 potions of haste
 i - 2 potions of might
 k - a potion of cancellation {unknown}
 l - 2 potions of flight
 q - 2 potions of mutation
 v - a potion of heal wounds
 z - a potion of degeneration {unknown}
 G - a potion of curing


   Skills:
 + Level 10.3 Fighting
 + Level 8.8 Dodging
 - Level 2.1 Stealth
 + Level 9.0 Spellcasting
 + Level 11.3 Ice Magic


You had 5 spell levels left.
You knew the following spells:

 Your Spells              Type           Power      Damage    Failure   Level
a - Freeze                Ice            100%       1d10      1%          1
b - Frozen Ramparts       Ice            100%       1d16      1%          3
c - Ozocubu's Armour      Ice            60%        N/A       1%          3
d - Ozocubu's Refrigerat  Ice            30%        4d14      13%         7
e - Polar Vortex          Ice            30%        N/A       100%        9

Your spell library contained the following spells:

 Spells                   Type           Power      Damage    Failure   Level
 Iskenderun's Mystic Bla  Conj/Tloc      10%        2d4       16%         4
 Magic Dart               Conj           40%        1d5       1%          1
 Sandblast                Erth           20%        2d7       1%          1
 Mephitic Cloud           Conj/Pois/Air  10%        N/A       4%          3
 Stone Arrow              Conj/Erth      20%        3d8       4%          3
 Ice Form                 Ice/Tmut       38%        N/A       5%          4
 Summon Ice Beast         Ice/Summ       38%        N/A       5%          4
 Call Imp                 Summ           20%        N/A       9%          2
 Passwall                 Tmut/Erth      8%         N/A       9%          2
 Simulacrum               Ice/Necr       19%        N/A       65%         6


Dungeon Overview and Level Annotations

Branches:
Dungeon (13/15)            Temple (1/1) D:6             Orc (0/2) D:9
   Lair: D:8-11      Vaults: D:13-14

Altars:
Ashenzari
Dithmenos
Elyvilon
Fedhas
Gozag
Kikubaaqudgha
Makhleb
Nemelex Xobeh
Okawaru
Qazlal
Ru
Sif Muna
Trog
Uskayaw
Vehumet
Xom
Yredelemnul
Zin
The Shining One

Shops:
D:6 (   D:8 (

Annotations:
D:5 3 runed translucent doors, KittyFluff's ghost, novice GrBe


Innate Abilities, Weirdness & Mutations

((You are very nimble when in or above water. (Stealth+, EV+, Speed+++)))
Your lower body shifts to a powerful aquatic tail in water.


Message History

The skeletal warrior hits you with a +0 long sword.
The skeletal warrior hits you but does no damage.
Unknown command.
You hit the skeletal warrior but do no damage.
The skeletal warrior is lightly damaged.
The skeletal warrior closely misses you.
Unknown command.
You hit the skeletal warrior but do no damage.
The skeletal warrior is lightly damaged.
The skeletal warrior hits you with a +0 long sword.
You hit the skeletal warrior.
The skeletal warrior convulses.
The skeletal warrior is moderately damaged.
The skeletal warrior hits you with a +0 long sword.
The skeletal warrior hits you with a +0 long sword!
* * * LOW HITPOINT WARNING * * *
Unknown command.
You hit the skeletal warrior but do no damage.
The skeletal warrior is moderately damaged.
The skeletal warrior closely misses you.
You hit the skeletal warrior.
The skeletal warrior convulses.
The skeletal warrior is moderately damaged.
The skeletal warrior hits you with a +0 long sword!
* * * LOW HITPOINT WARNING * * *
The skeletal warrior hits you with a +0 long sword!
* * * LOW HITPOINT WARNING * * *
Unknown command.
Unknown command.
As you read the scroll of teleportation, it crumbles to dust.
You feel strangely unstable.
The skeletal warrior closely misses you.
Your icy armour will break if you move.
Continue?
Your icy armour cracks and falls away as you move.
The skeletal warrior attacks as you move away!
The skeletal warrior hits you with a +0 long sword.
* * * LOW HITPOINT WARNING * * *
Your surroundings suddenly seem different.
A two-headed ogre comes into view.
It is wielding a +0 great mace and a +0 giant club.
The two-headed ogre shouts in stereo!
The unseen horror closely misses you. The unseen horror hits you.
You die...

..# ..## ### ...# ... ...#
.... . ...#..... ..
####..###############...
........................
........................
...............x@...#########
.............O......#........
....................'........
#####################........
....................
.....<..............
...........#########
.................
.................


You could see a two-headed ogre and an unseen horror (invisible).

Vanquished Creatures
  A hydra (D:13)
  2 centaur warriors
  A two-headed ogre (D:10)
  2 manticores (D:11)
  A cyclops (D:11)
  An efreet (D:13)
  3 trolls
  Sigmund (D:6)
  2 wyverns
  2 vampires
  A wraith (D:10)
  3 yaks (D:8)
  2 water moccasins
  Duvessa (D:4)
  An orc warrior (D:9)
  An ice beast (D:6)
  A sky beast (D:8)
  4 centaurs
  2 phantoms (D:5)
  A kobold brigand (D:8)
  3 bullfrogs
  3 scorpions
  A wight (D:10)
  Dowan (D:4)
  9 killer bees
  5 howler monkeys
  3 jellies
  2 hounds
  8 orc priests
  3 sleepcaps
  5 gnoll boudas
  5 iguanas
  7 orc wizards
  4 adders
  24 gnolls
  A white imp (D:5)
  An ufetubus (D:7)
  A worm (D:4)
  A dart slug (D:1)
  72 orcs
  4 ball pythons
  3 endoplasms
  5 giant cockroaches
  4 goblins
  7 hobgoblins
  13 jackals
  12 kobolds
  4 quokkas
  3 bats
  2 frilled lizards
  6 rats
255 creatures vanquished.

Notes
Turn   | Place    | Note
-------+----------+-------------------------------------------
     0 | D:1      | safid the Merfolk Ice Elementalist began the quest for the
                  | Orb.
     0 | D:1      | Reached XP level 1. HP: 13/13 MP: 3/3
   475 | D:1      | Reached XP level 2. HP: 13/20 MP: 0/5
   702 | D:1      | Reached skill level 1 in Fighting
   813 | D:1      | Found a faded altar of an unknown god.
  1311 | D:2      | Reached XP level 3. HP: 23/23 MP: 2/6
  1550 | D:2      | Learned a level 3 spell: Frozen Ramparts
  1554 | D:2      | Learned a level 3 spell: Ozocubu's Armour
  2035 | D:3      | Reached skill level 5 in Ice Magic
  2035 | D:3      | Reached XP level 4. HP: 25/33 MP: 3/8
  2141 | D:3      | Identified the +5 mace "Sed Kieq" {holy, Will- Int+3 Dex+4}
  2396 | D:3      | Found an iron altar of Okawaru.
  2410 | D:3      | Found a white marble altar of Elyvilon.
  2485 | D:3      | Reached XP level 5. HP: 36/39 MP: 6/9
  2617 | D:3      | Found a shimmering blue altar of Sif Muna.
  2736 | D:4      | Noticed Dowan
  2737 | D:4      | Noticed Duvessa
  2749 | D:4      | Killed Duvessa
  2750 | D:4      | Reached XP level 6. HP: 23/47 MP: 9/11
  2771 | D:4      | Killed Dowan
  2904 | D:4      | Found a basalt altar of Yredelemnul.
  2940 | D:4      | Reached skill level 6 in Ice Magic
  3075 | D:4      | HP: 2/48 [poisoned by a gnoll]
  3154 | D:4      | Reached XP level 7. HP: 22/54 MP: 11/13
  3683 | D:5      | Entered Level 5 of the Dungeon
  3880 | D:5      | Reached skill level 5 in Fighting
  3979 | D:5      | Reached skill level 7 in Ice Magic
  4100 | D:5      | Reached skill level 5 in Spellcasting
  4100 | D:5      | Reached XP level 8. HP: 58/62 MP: 13/15
  4392 | D:5      | Found a runed translucent gate.
  4397 | D:5      | Found a runed translucent gate.
  4398 | D:5      | Found a runed translucent gate.
  4398 | D:5      | Found an opulent altar of Gozag.
  4572 | D:5      | Found a blossoming altar of Fedhas.
  4637 | D:5      | Noticed KittyFluff's ghost (novice GrBe)
  4856 | D:6      | Found a staircase to the Ecumenical Temple.
  4857 | D:6      | Noticed Sigmund
  4869 | D:6      | Killed Sigmund
  4881 | D:6      | Reached skill level 8 in Ice Magic
  4887 | Temple   | Entered the Ecumenical Temple
  4989 | Temple   | Became a worshipper of Vehumet
  5015 | D:6      | Found a burning altar of Makhleb.
  5052 | D:6      | Found Ohuorutoh's Antique Weapon Shop.
  5406 | D:7      | Noticed a troll
  5416 | D:6      | Identified a scroll of acquirement
  5418 | D:6      | Acquired the ring "Gorphyof" {rC+ rN+ Str+6 Int+2}
  5553 | D:7      | Reached XP level 9. HP: 27/71 MP: 13/18
  5556 | D:7      | Killed a troll
  5787 | D:7      | Reached * piety under Vehumet
  5787 | D:7      | Offered knowledge of Magic Dart by Vehumet.
  5816 | D:7      | Reached skill level 9 in Ice Magic
  7097 | D:8      | Offered knowledge of Momentum Strike by Vehumet.
  7099 | D:8      | Reached ** piety under Vehumet
  7100 | D:8      | Reached XP level 10. HP: 32/82 MP: 19/21
  7375 | D:8      | Found Neil's Antique Weapon Shop.
  7445 | D:8      | Reached skill level 5 in Dodging
  7560 | D:8      | Identified the +7 shortbow "Epoyps" {heavy, Dex+4}
  7624 | D:8      | Found a sparkling altar of Nemelex Xobeh.
  8280 | D:9      | Offered knowledge of Inner Flame by Vehumet.
  8376 | D:9      | Found a staircase to the Orcish Mines.
  8634 | D:9      | Reached skill level 10 in Ice Magic
  8635 | D:9      | Reached *** piety under Vehumet
  8771 | D:9      | Noticed a skeletal warrior
  8771 | D:9      | Noticed a skeletal warrior
  8771 | D:9      | Noticed a skeletal warrior
  8771 | D:9      | Noticed a skeletal warrior
  8782 | D:10     | Entered Level 10 of the Dungeon
  8848 | D:10     | Noticed a two-headed ogre
  8859 | D:10     | Killed a two-headed ogre
  9047 | D:10     | Found an opulent altar of Gozag.
  9773 | D:11     | Noticed a manticore
  9781 | D:11     | Killed a manticore
  9825 | D:11     | Noticed a manticore
  9826 | D:11     | Noticed a cyclops
  9834 | D:11     | Killed a cyclops
  9835 | D:11     | Reached XP level 11. HP: 81/90 MP: 19/23
  9880 | D:11     | You fall into a shaft and drop 2 floors!
  9894 | D:13     | Noticed a centaur warrior
  9907 | D:13     | Killed a centaur warrior
  9907 | D:13     | Offered knowledge of Iskenderun's Mystic Blast by Vehumet.
  9908 | D:13     | Reached skill level 11 in Ice Magic
  9916 | D:13     | Reached skill level 10 in Fighting
 10184 | D:13     | Noticed a four-headed hydra
 10187 | D:13     | Noticed a boulder beetle
 10197 | D:13     | Killed a four-headed hydra
 10515 | D:11     | Learned a level 7 spell: Ozocubu's Refrigeration
 10525 | D:11     | Learned a level 9 spell: Polar Vortex
 10547 | D:11     | Killed a manticore
 10613 | D:11     | Noticed a centaur warrior
 10627 | D:11     | Killed a centaur warrior
 10831 | D:11     | Noticed a skeletal warrior
 10857 | D:11     | HP: 2/92 [skeletal warrior/+0 long sword (4)]
 10857 | D:11     | Noticed a two-headed ogre
 10857 | D:11     | Slain by an unseen horror

Illustrated notes

Levels and vault maps discovered:
D:1:      evilmike_arrival_hilbert_curve, layout_basic, basic_ecumenical_altar,
          nicolae_hexahallways, corexii_leaking_fountain
D:2:      layout_basic, kennysheep_potato
D:3:      layout_loops_ring, lemuel_round_altar, amethyst_overflow_temple_binary
D:4:      layout_gridville, mainiacjoe_overflow_cross_hatched, uniq_duvessa
D:5:      layout_rooms, kennysheep_little_box, ebering_ghost_gozag
D:6:      layout_rooms, makhleb_heckhound_becter,
          minmay_temple_entry_statues_pillars, serial_shops, shop, uniq_sigmund
D:7:      layout_basic
D:8:      layout_layer_cave, lemuel_doored_altar, serial_shops, kennysheep_mini
D:9:      layout_gridville, hiddenorc2_lemuel
D:10:     layout_rooms, nicolae_gozag_cash_rules_everything_around_me,
          hangedman_decor_growths
D:11:     minmay_the_grid_triangle_9x9_line_8_mashed
          [minmay_the_grid_triangle_9x9_alien,
          minmay_the_grid_triangle_9x9_wacky_v,
          minmay_the_grid_triangle_9x9_warning,
          minmay_the_grid_triangle_9x9_negative_grid,
          minmay_the_grid_triangle_9x9_semitri,
          minmay_the_grid_triangle_9x9_cache,
          minmay_the_grid_triangle_9x9_tough_junction,
          minmay_the_grid_triangle_9x9_prize_schism], layout_grid_maze,
          lair_entry_dummy
D:12:     layout_roguey, portal_ice_cave_rime, serial_shops, shop, zin_angel
D:13:     layout_cave_pools, david_vaults_2, serial_rivers,
          chequers_serial_rivers_marsh, chequers_serial_rivers_micro_d,
          chequers_serial_rivers_micro_b, chequers_serial_rivers_micro_b,
          dreamdust_mushroom_princess, kennysheep_slug_shrine
Temple:   nicolae_temple_two_arcs

Skill      XL: |  1  2  3  4  5  6  7  8  9 10 11 |
---------------+----------------------------------+-----
Fighting       | 1 2 3 4 5 6 8 9 10 | 10.3
Ice Magic      | 5 6 7 8 9 10 11 | 11.3
Spellcasting   | 3 4 5 6 7 8 9 |  9.0
Dodging        | 4 7 8 |  8.8
Stealth        | |  2.1

Action                     |  1- 3 |  4- 6 |  7- 9 | 10-12 || total
---------------------------+-------+-------+-------+-------++-------
  Melee: Unarmed           |     5 |       |       |       ||     5
         Short sword       |    86 |     5 |       |       ||    91
         Punch             |     1 |     1 |     3 |     3 ||     8
         Mace              |       |    89 |   158 |    96 ||   343
   Cast: Freeze            |    21 |     5 |    11 |     5 ||    42
         Frozen Ramparts   |     1 |     7 |    34 |    34 ||    76
         Ozocubu's Armour  |     1 |     6 |    21 |    27 ||    55
    Use: Potion            |       |     4 |     1 |     2 ||     7
         Scroll            |       |       |    11 |     7 ||    18
   Stab: Sleeping          |     2 |     3 |     2 |       ||     7
         Distracted        |       |       |     1 |       ||     1
 Armour: Robe              |    18 |    31 |    46 |    62 ||   157
  Dodge: Dodged            |    80 |   128 |   130 |   180 ||   518
